 Dungeon Sprint DCSS version 0.32-a0-128-g77eb882913 (webtiles) character file.

Game seed: 2225126431498920818

774 dialectric the Imperceptible (level 7, -1/55 HPs)
             Began as a Spriggan Brigand on Feb 8, 2024.
             Was a Follower of Dithmenos.
             Slain by a kobold demonologist
             ... wielding a +0 dagger
              (2 damage)
             ... in the Dungeon (Sprint I: "Red Sonja").
             The game lasted 00:00:56 (130 turns).

dialectric the Imperceptible (Spriggan Brigand)      Turns: 130, Time: 00:00:56

Health: -1/55      AC:  3    Str:  7    XL:     7   Next: 53%
Magic:  8/8        EV: 22    Int: 12    God:    Dithmenos [*.....]
Gold:   351        SH:  0    Dex: 19    Spells: 6/6 levels left

rFire   . . .        a - +2 dagger
rCold   . . .        (no shield)
rNeg    . . .        b - +0 robe
rPois   .            (helmet restricted)
rElec   .            c - +0 cloak
rCorr   .            (gloves unavailable)
SInv    +            (boots unavailable)
Will    +....        (no amulet) Stlth
                     (no ring)
HPRegen 0.29/turn    (no ring)
MPRegen 0.11/turn

%: no teleportation
@: berserking (expiring), lethally poisoned (-1 -> -12), wreathed by umbra, very
quick
A: very small, no large weapons, unfitting armour, see invisible, speed 3
a: Renounce Religion


You were in the Dungeon.
You worshipped Dithmenos.
Dithmenos was aware of your devotion.
You visited 1 branch You collected 351 gold pieces.

Inventory:

Hand Weapons
 a - a +2 dagger (weapon)
Missiles
 d - 9 poisoned darts (quivered)
 e - 3 curare-tipped darts
Armour
 b - a +0 robe (worn)
 c - a +0 cloak (worn)
Scrolls
 k - a scroll of blinking
Potions
 f - a potion of curing
 g - a potion of heal wounds
 h - 2 potions of haste
 i - 2 potions of magic


   Skills:
 - Level 4.0 Fighting
 + Level 6.1 Short Blades
 - Level 3.0 Throwing
 + Level 7.0 Dodging
 + Level 21.3 Stealth


You had 6 spell levels left.
You didn't know any spells.
Your spell library was empty.

Dungeon Overview and Level Annotations

Branches:
Dungeon (1/1)

Altars:
Cheibriados
Dithmenos
Elyvilon
Fedhas
Gozag
Hepliaklqana
Kikubaaqudgha
Makhleb
Nemelex Xobeh
Okawaru
Qazlal
Ru
Sif Muna
Trog
Uskayaw
Vehumet
Wu Jian
Xom
Yredelemnul
Zin
The Shining One
Jiyva
Lugonu

Shops:
D [


Innate Abilities, Weirdness & Mutations

You are very small and have problems with some larger weapons.
You are too small for most types of armour.
You have supernaturally acute eyesight. (SInv)
You cover ground extremely quickly. (Speed+++)


Message History

The kobold demonologist is heavily wounded.
The chaos spawn gores you!
* * * LOW HITPOINT WARNING * * *
You are lethally poisoned!
The chaos spawn poisons you!
The kobold demonologist completely misses you.
The kobold demonologist closely misses you.
You barely miss the kobold demonologist.
The kobold demonologist is heavily wounded.
* * * LOW HITPOINT WARNING * * *
You feel very sick.
Unknown command.
Unknown command.
You closely miss the kobold demonologist.
The kobold demonologist is heavily wounded.
* * * LOW HITPOINT WARNING * * *
You feel sick. The kobold demonologist misses you.
The kobold demonologist begins to cast a cantrip, but forgets the words!
The chaos spawn barely misses you.
You puncture the kobold demonologist!
The kobold demonologist is almost dead.
* * * LOW HITPOINT WARNING * * *
You feel sick.
Unknown command.
You barely miss the kobold demonologist.
The kobold demonologist is almost dead.
* * * LOW HITPOINT WARNING * * *
You feel sick.
Unknown command.
You puncture the kobold demonologist!
You kill the kobold demonologist!
Dithmenos accepts your kill.
You are shrouded in an aura of darkness!
The chaos spawn degenerates into a cloud of primal chaos!
The sixfirhy disappears in a puff of smoke!
The hellwing disappears in a puff of smoke!
* * * LOW HITPOINT WARNING * * *
You feel sick.
The kobold demonologist hits you with a +0 dagger.
You die...

#####################
)'..#.)'..#__#.§@K§.#
.#.)'..#..'..'..#)§.#
###+#####'#__####3..+
## #...#)#### ####
_####..##(#
____##'#_.+
.∩..†'..._#
..__##_.#'#
____###+#.#


You could see a kobold demonologist and a neqoxec (summoned).

Vanquished Creatures
  A kobold demonologist (D)
  A glass eye (D)
  Sigmund (D)
  A slime creature (D)
  A yak (D)
  An ogre (D)
  A jelly (D)
  Ijyb (D)
8 creatures vanquished.

Notes
Turn   | Place    | Note
-------+----------+-------------------------------------------
     0 | D        | dialectric the Spriggan Brigand began the quest for the
                  | Orb.
     0 | D        | Reached XP level 1. HP: 10/10 MP: 2/2
     2 | D        | Noticed Ijyb
     4 | D        | Killed Ijyb
     5 | D        | Reached skill level 9 in Stealth
     5 | D        | Reached XP level 2. HP: 15/15 MP: 3/3
     7 | D        | Noticed an ogre
     9 | D        | Killed an ogre
    10 | D        | Reached skill level 12 in Stealth
    10 | D        | Reached XP level 3. HP: 19/19 MP: 4/4
    10 | D        | Reached XP level 4. HP: 23/23 MP: 5/5
    12 | D        | Noticed Sigmund
    14 | D        | Killed Sigmund
    15 | D        | Reached skill level 16 in Stealth
    15 | D        | Reached XP level 5. HP: 28/28 MP: 6/6
    15 | D        | Reached XP level 6. HP: 32/32 MP: 7/7
    26 | D        | Found a shimmering blue altar of Sif Muna.
    27 | D        | Found an ornate altar of the Wu Jian Council.
    28 | D        | Found a radiant altar of Vehumet.
    49 | D        | Found Oger's Antique Armour Emporium.
    49 | D        | Found an ancient bone altar of Kikubaaqudgha.
    49 | D        | Found a hazy altar of Hepliaklqana.
    49 | D        | Found a hide-covered altar of Uskayaw.
    49 | D        | Found a basalt altar of Yredelemnul.
    49 | D        | Found an opulent altar of Gozag.
    49 | D        | Found a snail-covered altar of Cheibriados.
    49 | D        | Found a sacrificial altar of Ru.
    49 | D        | Found a shadowy altar of Dithmenos.
    49 | D        | Noticed a yak
    50 | D        | Found a stormy altar of Qazlal.
    50 | D        | Found a blossoming altar of Fedhas.
    50 | D        | Found a bloodstained altar of Trog.
    50 | D        | Found an iron altar of Okawaru.
    50 | D        | Found a glowing golden altar of the Shining One.
    50 | D        | Found a glowing silver altar of Zin.
    50 | D        | Found a white marble altar of Elyvilon.
    51 | D        | Killed a yak
    52 | D        | Reached skill level 5 in Short Blades
    52 | D        | Reached skill level 18 in Stealth
    52 | D        | Found a sparkling altar of Nemelex Xobeh.
    59 | D        | Became a worshipper of Dithmenos the Shadowed
    83 | D        | Found a burning altar of Makhleb.
    83 | D        | Found a shimmering altar of Xom.
    83 | D        | Noticed a slime creature
    84 | D        | Found a viscous altar of Jiyva.
    84 | D        | Found a corrupted altar of Lugonu.
    86 | D        | Killed a slime creature
    87 | D        | Reached skill level 19 in Stealth
    87 | D        | Reached XP level 7. HP: 37/37 MP: 8/8
    99 | D        | Noticed a kobold demonologist
    99 | D        | Noticed a glass eye
   100 | D        | Noticed a kobold demonologist
   105 | D        | Noticed a chaos spawn
   107 | D        | Noticed a neqoxec
   116 | D        | Noticed a sixfirhy
   116 | D        | Killed a glass eye
   117 | D        | Reached skill level 21 in Stealth
   120 | D        | Noticed a hellwing
   129 | D        | HP: 1/55 [poisoned by a chaos spawn]
   130 | D        | Killed a kobold demonologist
   130 | D        | Reached * piety under Dithmenos
   130 | D        | Slain by a kobold demonologist

Illustrated notes

Levels and vault maps discovered:
D:        dungeon_sprint_1 [red_sonja_temple_1, red_sonja_temple_small_1]

Skill      XL: |  1  2  3  4  5  6  7 |
---------------+----------------------+-----
Fighting       | 2 3 4 |  4.0
Stealth        | 9 12 16 19 21 | 21.3
Short Blades   | 3 4 5 6 |  6.1
Throwing       | 3 |  3.0
Dodging        | 4 6 7 |  7.0

Action                     |  1- 3 |  4- 6 |  7- 9 || total
---------------------------+-------+-------+-------++-------
  Melee: Dagger            |     2 |     4 |    29 ||    35
         Punch             |       |       |     1 ||     1
    Use: Potion            |       |       |     1 ||     1
   Stab: Sleeping          |     2 |     4 |       ||     6
 Armour: Robe              |       |       |     8 ||     8
  Dodge: Dodged            |       |       |    19 ||    19

Table legend: (Time is in decaauts)
 A = Elapsed time spent in this place.
 B = Non-inter-level travel time spent in this place.
 C = Inter-level travel time spent in this place.
 D = Time resting spent in this place.
 E = Time spent auto-exploring this place.
 F = Levels seen in this place.
 G = Mean time per level.
                   A        B        C        D        E       F      G
               +--------+--------+--------+--------+--------+-----+--------+
         Total |     86 |     86 |      0 |      0 |      0 |   1 |   86.0 |
       Dungeon |     86 |     86 |      0 |      0 |      0 |   1 |   86.0 |
               +--------+--------+--------+--------+--------+-----+--------+

Top non-repeatable levels by time:
       D: 86 daAuts
